 Dungeon Crawl Stone Soup version 0.31-a0-803-g95b03c3367 (webtiles) character file.

Game seed: 6340842841217485946

39 Zebulonius the Chopper (level 3, 0/46 HPs)
             Began as a Minotaur Berserker on Sept 21, 2023.
             Was a Follower of Trog.
             Slain by a goblin
             ... wielding a +0 club
              (1 damage)
             ... while paralysed by Ijyb
             ... on level 2 of the Dungeon.
             The game lasted 00:01:32 (1240 turns).

Zebulonius the Chopper (Minotaur Berserker)         Turns: 1240, Time: 00:01:33

Health: 0/46       AC:  5    Str: 21    XL:     3   Next: 26%
Magic:  2/2        EV:  2    Int:  4    God:    Trog [*.....]
Gold:   62         SH:  0    Dex: 11    Spells: 2/2 levels left

rFire   . . .        a - +0 hand axe
rCold   . . .        (no shield)
rNeg    . . .        i - +0 ring mail
rPois   .            (helmet restricted)
rElec   .            (no cloak)
rCorr   .            (no gloves)
SInv    .            (no boots)
Will    .....        l - amulet of faith Stlth
                     (no ring)
HPRegen 0.27/turn    (no ring)
MPRegen 0.08/turn

%: faith
@: paralysed, berserking, lethally poisoned (0 -> -19)
A: horns 2, retaliatory headbutt
a: Renounce Religion, Berserk


You were on level 2 of the Dungeon.
You worshipped Trog.
Trog was aware of your devotion.
You visited 1 branch of the dungeon, and saw 2 of its levels.

You collected 62 gold pieces.

Inventory:

Hand Weapons
 a - a +0 hand axe (weapon)
Armour
 i - a +0 ring mail (worn)
Jewellery
 l - an amulet of faith (around neck)
Scrolls
 f - a scroll of teleportation {unknown}
 h - a scroll of identify {unknown}
 k - a scroll of enchant weapon {unknown}
 m - a scroll of fear {unknown}
Potions
 b - 3 potions of attraction {unknown}
 c - a potion of haste {unknown}
 d - 3 potions of enlightenment {unknown}
 e - 2 potions of cancellation {unknown}
 g - 2 potions of might {unknown}
 j - a potion of magic {unknown}


   Skills:
 - Level 3.6 Fighting
 + Level 5.3 Axes
 - Level 2.4 Armour
 - Level 2.1 Dodging


You had 2 spell levels left.
You didn't know any spells.
Your spell library was empty.

Dungeon Overview and Level Annotations

Branches:
Dungeon (2/15)

Altars:

Annotations:
D:2 Ijyb


Innate Abilities, Weirdness & Mutations

You have a pair of horns on your head.
You reflexively headbutt those who attack you in melee.


Message History

The goblin barely misses you. The goblin hits you with a +0 dagger.
You can move again.
You hit the goblin.
You kill the goblin!
Trog accepts your kill.
You can now call upon Trog for regeneration and willpower.
You closely miss Ijyb. You barely miss the goblin. x2
Ijyb hits you with a +2 dagger of venom!
You are poisoned.
The goblin closely misses you.
The goblin unwields a +0 sling.
The goblin wields a +0 club.
The goblin hits you with a +0 club.
You barely miss Ijyb. Your headbutt misses Ijyb. You barely miss the goblin. x2
You feel very sick.
Ijyb hits you with a +2 dagger of venom.
You are lethally poisoned!
The goblin misses you. The goblin hits you but does no damage.
You are too injured to fight recklessly!
You are too injured to fight recklessly!
A red film seems to cover your vision as you go berserk!
You feel yourself moving faster!
You feel mighty!
You can no longer call upon Trog for regeneration and willpower.
You feel very sick.
Ijyb hits you with a +2 dagger of venom.
* * * LOW HITPOINT WARNING * * *
You are more poisoned.
The goblin hits you but does no damage. The goblin hits you with a +0 club.
* * * LOW HITPOINT WARNING * * *
You hit Ijyb.
Ijyb is moderately wounded.
You slash the goblin!
You kill the goblin!
Trog accepts your kill.
You hit the goblin.
* * * LOW HITPOINT WARNING * * *
You feel very sick.
Ijyb zaps a wand.
You suddenly lose the ability to move!
* * * LOW HITPOINT WARNING * * *
You feel very sick. The goblin hits you with a +0 club.
You die...

##################
#..!.=..##.>.....#
#8.....8##).###..#
#.#.......##..###..#
..#8.....8#....##<.#
#.#.......#........#
#.#8g)...8#......#.#
#.###.#)@)....#......#.#
#.....#8.g...8#....#.#.#
#.........#.####.#.## ###
####.........#.......... ..#
#....######.##........## #.#
#.#### #.##........## #.#
#.# #.##........##
#.###.#########.###.......##
##.##..#.......#.#
#.......##


You could see Ijyb and a goblin.

Vanquished Creatures
  2 dart slugs (D:1)
  A ball python (D:1)
  A bat (D:2)
  8 endoplasms
  A giant cockroach (D:1)
  9 goblins
  A hobgoblin (D:1)
  2 quokkas (D:1)
  2 kobolds
  2 rats (D:1)
29 creatures vanquished.

Notes
Turn   | Place    | Note
-------+----------+-------------------------------------------
     0 | D:1      | Zebulonius the Minotaur Berserker began the quest for the
                  | Orb.
     0 | D:1      | Reached XP level 1. HP: 19/19 MP: 0/0
   147 | D:1      | Reached skill level 4 in Axes
   193 | D:1      | Reached XP level 2. HP: 14/26 MP: 1/1
   755 | D:1      | Reached skill level 5 in Axes
   773 | D:1      | Found a faded altar of an unknown god.
   779 | D:1      | Reached XP level 3. HP: 31/31 MP: 2/2
  1228 | D:2      | Noticed Ijyb
  1232 | D:2      | Paralysed by Ijyb for 4 turns
  1236 | D:2      | Reached ** piety under Trog
  1239 | D:2      | Paralysed by Ijyb for 5 turns
  1240 | D:2      | HP: 1/46 [poisoned by Ijyb]
  1240 | D:2      | Slain by a goblin

Illustrated notes

Levels and vault maps discovered:
D:1:      lightli_arrival_lavapool, layout_basic,
          shapermc_ecumenical_altar_notcrosses, minmay_misc_feat_plants,
          minmay_surrounded
D:2:      kennysheep_the_goblin_king, layout_loops_ring, kennysheep_crisscross

Skill      XL: |  1  2 |
---------------+-------+-----
Axes           | 4 5 |  5.3
Fighting       | |  3.6
Armour         | |  2.4
Dodging        | |  2.1

Action                     || total
---------------------------++-------
  Melee: Hand axe          ||    52
         Headbutt          ||    11
 Invoke: Berserk           ||     1
 Armour: Animal skin       ||    15
         Ring mail         ||    17
  Dodge: Dodged            ||    28

Table legend: (Time is in decaauts)
 A = Elapsed time spent in this place.
 B = Non-inter-level travel time spent in this place.
 C = Inter-level travel time spent in this place.
 D = Time resting spent in this place.
 E = Time spent auto-exploring this place.
 F = Levels seen in this place.
 G = Mean time per level.
                   A        B        C        D        E       F      G
               +--------+--------+--------+--------+--------+-----+--------+
         Total |   1245 |   1219 |     26 |      0 |   1025 |   2 |  622.5 |
       Dungeon |   1245 |   1219 |     26 |      0 |   1025 |   2 |  622.5 |
               +--------+--------+--------+--------+--------+-----+--------+

Top non-repeatable levels by time:
     D:1: 925 daAuts
     D:2: 320 daAuts
